 Dungeon Crawl Stone Soup version 0.27-a0-1202-ge72e49191c (webtiles) character file.

Game seed: 13773991532895796825

326 sanka the Skirmisher (level 6, -11/50 HPs)
             Began as a Djinni Artificer on June 4, 2021.
             Killed by divine providence
             ... invoked by an orc priest
              (12 damage)
             ... on level 7 of the Dungeon.
             The game lasted 00:05:07 (3207 turns).

sanka the Skirmisher (Djinni Artificer)             Turns: 3207, Time: 00:05:08

Health: -11/50     AC:  2    Str: 11    XL:     6   Next: 78%
Gold:   85         EV: 12    Int: 14    God:
                   SH:  0    Dex: 14

rFire    + + .     SeeInvis .   a - +1 dagger (venom)
rCold    x . .     Faith    .   (no shield)
rNeg     . . .     Spirit   .   s - +0 robe
rPois    ∞         Reflect  .   (helmet currently unavailable)
rElec    .         Harm     .   (no cloak)
rCorr    .         Rampage  .   (no gloves)
Will     .....                  (boots unavailable)
Stlth    ++........             (no amulet)
HPRegen  0.16/turn              (no ring)
MPRegen  0.00/turn              (no ring)

@: appendages (expiring), attractive, flying
A: horns 2, flying, sickness immunity, fire resistance 2, cold vulnerability 1,
float, innate caster, hp casting, extra vitality 1
a: End Transformation


You were on level 7 of the Dungeon.
You had temporarily grown beastly horns.
You visited 1 branch of the dungeon, and saw 5 of its levels.

You collected 85 gold pieces.


Innate Abilities, Weirdness & Mutations

You have temporarily grown beastly horns.
You are flying.
You are immune to sickness and miasma.
You are immune to poison.
Your flesh is very heat resistant. (rF++)
You are vulnerable to cold. (rC-)
You float through the air rather than walking.
You learn spells naturally, not from books.
Your magical power is your life essence.
You have superior vitality. (+4 HP)


   Skills:
 + Level 5.8 Fighting
 - Level 1.0 Armour
 - Level 2.1 Dodging
 - Level 0.7 Stealth
 * Level 1.6 Spellcasting
 - Level 3.0 Evocations


You had 5 spell levels left.
You knew the following spells:

 Your Spells              Type           Power      Damage    Failure   Level
z - Beastly Appendage     Tmut           10%        N/A       13%         1
Z - Static Discharge      Conj/Air       5%         N/A       19%         2
Your spell library was empty.

Inventory:

Hand Weapons
 a - a +1 dagger of venom (weapon)
 b - a +2 short sword of holy wrath
 n - a +2 short sword of protection
 r - a +0 morningstar
Missiles
 g - 9 curare-tipped darts {=f}
Armour
 i - a +1 helmet (melded)
 s - a +0 robe (worn)
Wands
 c - a wand of flame (13) (quivered)
 d - a wand of charming (9)
Scrolls
 f - 2 scrolls of teleportation {unknown}
 k - a scroll of enchant armour {unknown}
 l - a scroll of fog {unknown}
 m - a scroll of magic mapping {unknown}
 o - a scroll of identify {unknown}
 p - 2 scrolls of vulnerability {unknown}
Potions
 h - a potion of attraction {!q}
Miscellaneous
 e - a piece from Xom's chessboard (14/15)

Dungeon Overview and Level Annotations

Branches:
Dungeon (4/15)
 Temple: D:4-7

Altars:

▒.....
▒▒.....
▒.....
▒....
▒...
▒.£
▒▒)▒▒
▒.).▒
▒).R▒
▒.)o▒
▒.).▒
▒...▒
▒...▒
▒...▒
▒...▒
▒...▒
▒...▒


You could see an orc priest.


Message History

Your water moccasin bites the orc!
The orc dies!
Your orc priest barely misses the orc priest.
Unknown command.
Your water moccasin bites the orc priest.
The orc priest dies!
Unknown command.
What are your orders? t - Shout!
Orders for allies: a - Attack new target. p - Attack previous target. r - Retreat! s - Stop attacking. g - Guard the area. f - Follow me.
Anything else - Cancel.
Retreat in which direction?
Fall back!
The orc priest is no longer charmed.
The orc priest is pulled toward you!
The orc priest shouts!
The orc priest calls down the wrath of Beogh upon you.
Pain shoots through your body!
* * * LOW HITPOINT WARNING * * *
The orc priest is pulled toward you!
You see here a +0 flail.
The orc priest hits you but does no damage.
You grow a pair of large bovine horns.
* * * LOW HITPOINT WARNING * * *
Your transformation is almost over.
The orc priest calls down the wrath of Beogh upon you.
Beogh smites you!
You die...

Action                   |  1- 3 |  4- 6 || total
-------------------------+-------+-------++-------
Melee: Club              |    41 |       ||    41
       Dagger            |    64 |    64 ||   128
       Short sword       |     5 |       ||     5
 Cast: Beastly Appendage |       |     1 ||     1
Evoke: Wand              |       |     8 ||     8
       Piece from Xom's  |       |     1 ||     1
  Use: Potion            |       |     3 ||     3
Armor: Leather armour    |    24 |     9 ||    33
       Robe              |       |     8 ||     8
Dodge: Dodged            |    71 |    36 ||   107

Levels and vault maps discovered:
D:1:      kb_arrival_jail, layout_basic
D:2:      layout_loops_ring, uniq_natasha
D:3:      layout_rooms
D:4:      layout_basic, serial_shops, nicolae_shop_behind_doors, uniq_grinder,
          uniq_duvessa, uniq_eustachio, uniq_crazy_yiuf_cottage
D:7:      layout_rooms, minmay_temple_entry_gardened_gates, nzn_ghost_randoct,
          serial_shops, shop_fountains, serial_corexii_hall,
          chequers_hall_statues_y, corexii_hall_statues_i,
          chequers_hall_statues_y, corexii_hall_statues_l,
          kennysheep_minor_cross, nrook_uturn, uniq_pikel, uniq_prince_ribbit1

Notes
Turn   | Place    | Note
-------+----------+-------------------------------------------
     0 | D:1      | sanka the Djinni Artificer began the quest for the Orb.
     0 | D:1      | Reached XP level 1. HP: 17/17 MP: 0/0
     2 | D:1      | Noticed a human
     2 | D:1      | Noticed a centaur
     4 | D:1      | Noticed a felid
     4 | D:1      | Noticed an ogre
     6 | D:1      | Noticed a naga
     6 | D:1      | Noticed a palentonga
     8 | D:1      | Noticed an elf
     8 | D:1      | Noticed a gargoyle
    10 | D:1      | Noticed a troll
    10 | D:1      | Noticed a merfolk
    12 | D:1      | Noticed a vampire
    14 | D:1      | Noticed a minotaur
    16 | D:1      | Noticed a spriggan
    16 | D:1      | Noticed a dwarf
    18 | D:1      | Noticed a ghoul
    20 | D:1      | Noticed a demigod
    20 | D:1      | Noticed a formicid
    22 | D:1      | Noticed a vine stalker
    22 | D:1      | Noticed a draconian
    24 | D:1      | Noticed a demonspawn
    24 | D:1      | Noticed a barachi
    26 | D:1      | Noticed an octopode
    26 | D:1      | Noticed a tengu
   266 | D:1      | Reached skill level 2 in Fighting
   266 | D:1      | Reached XP level 2. HP: 11/23 MP: 0/0
  1043 | D:1      | Reached XP level 3. HP: 24/29 MP: 0/0
  1043 | D:1      | Learned a level 1 spell: Beastly Appendage
  1426 | D:1      | Reached skill level 3 in Fighting
  1569 | D:2      | You are sucked into a shaft and drop 1 floor!
  1925 | D:3      | Reached XP level 4. HP: 22/36 MP: 0/0
  2066 | D:3      | Noticed an ogre
  2112 | D:3      | Killed an ogre
  2113 | D:3      | Reached skill level 4 in Fighting
  2113 | D:3      | Reached XP level 5. HP: 31/42 MP: 0/0
  2113 | D:3      | Learned a level 2 spell: Static Discharge
  2282 | D:3      | Reached skill level 5 in Fighting
  2391 | D:3      | Reached XP level 6. HP: 21/49 MP: 0/0
  2886 | D:4      | Reached skill level 1 in Spellcasting
  3168 | D:4      | You are sucked into a shaft and drop 3 floors!
  3177 | D:7      | Gained mutation: You are clumsy. (Dex -2) [potion of
                  | mutation]
  3177 | D:7      | Lost mutation: You are clumsy. (Dex -2) [potion of
                  | mutation]
  3189 | D:7      | Noticed a water moccasin
  3205 | D:7      | HP: 2/50 [orc priest/nerve-wracking pain (9)]
  3207 | D:7      | Killed from afar by an orc priest

Vanquished Creatures
  An ogre (D:3)
  A kobold brigand (D:4)
  3 orc wizards
  3 adders (D:3)
  A dart slug (D:3)
  4 orcs
  3 ball pythons (D:1)
  3 endoplasms
  3 giant cockroaches
  5 goblins
  3 hobgoblins
  7 jackals (D:1)
  5 kobolds
  A quokka (D:3)
  2 bats
  A frilled lizard (D:1)
  2 rats
48 creatures vanquished.

Vanquished Creatures (collateral kills)
  An orc priest (D:7)
  3 orcs (D:7)
4 creatures vanquished.

Grand Total: 52 creatures vanquished
